 Dungeon Crawl Stone Soup version 0.19-a0-1720-gc855d72 (webtiles) character file.

112 Ijustatesigmund the Magician (level 4, 0/21 HPs)
             Began as a Spriggan Conjurer on Sept 29, 2016.
             Slain by Grinder (2 damage)
             ... while paralysed by Grinder
             ... on level 3 of the Dungeon.
             The game lasted 00:08:34 (2929 turns).

Ijustatesigmund the Magician (Spriggan Conjurer)    Turns: 2929, Time: 00:08:35

Health: 0/21       AC:  3    Str:  4    XL:     4   Next: 63%
Magic:  5/11       EV:  4    Int: 21    God:
Gold:   77         SH:  0    Dex: 17    Spells: 2 memorised, 9 levels left

rFire  . . .     SeeInvis +     r - -2 dagger
rCold  . . .     Gourm    .     a - +0 robe
rNeg   . . .     Faith    .     (shield restricted)
rPois  .         Spirit   .     (helmet restricted)
rElec  .         Dismiss  .     (no cloak)
rCorr  .         Reflect  .     (gloves unavailable)
MR     .....     Harm     .     (boots unavailable)
Stlth  +++.......               q - amulet of magic regeneration
                                (no ring)
                                (no ring)

@: paralysed, brilliant, very slightly contaminated, very quick
A: unfitting armour, see invisible, herbivore 3, speed 3, slow metabolism 2
a: no special abilities


You were on level 3 of the Dungeon.
You were not hungry.

You visited 1 branch of the dungeon, and saw 3 of its levels.

You collected 77 gold pieces.

Inventory:

Hand Weapons
 r - a -2 dagger (weapon)
Missiles
 d - 15 arrows
Armour
 a - a +0 robe (worn)
 j - a +1 buckler
Jewellery
 l - an uncursed ring of ice
 q - an amulet of magic regeneration (around neck)
Wands
 h - a wand of lightning (13/15)
Scrolls
 p - a scroll of teleportation
Potions
 e - 2 potions of lignification
 f - a potion of haste {unknown}
 k - a potion of ambrosia {unknown}
 m - a potion of brilliance
 n - a potion of cancellation {unknown}
Books
 b - a book of Conjurations

   Spells                             Type                      Level
   a - Magic Dart                     Conjuration                  1
   b - Searing Ray                    Conjuration                  2
   c - Dazzling Spray                 Conjuration/Hexes            3
   d - Fulminant Prism                Conjuration/Hexes            4
   e - Iskenderun's Mystic Blast      Conjuration                  4
   f - Iskenderun's Battlesphere      Conjuration/Charms           5
Comestibles
 c - 2 bread rations
 i - a slice of pizza


   Skills:
 + Level 1.0 Short Blades
 - Level 1.6 Throwing
 + Level 3.3 Dodging
 - Level 4.1 Stealth
 - Level 4.7 Spellcasting
 - Level 2.9 Conjurations


You had 9 spell levels left.
You knew the following spells:

 Your Spells              Type           Power        Failure   Level  Hunger
a - Magic Dart            Conj           ####         1%          1    None
b - Searing Ray           Conj           ####..       1%          2    #......


Dungeon Overview and Level Annotations

Branches:
Dungeon (3/15)

Altars:
Hepliaklqana

Annotations:
D:3 Grinder


Innate Abilities, Weirdness & Mutations

You are very small and have problems with some larger weapons.
You are too small for most types of armour.
You have supernaturally acute eyesight. (SInv)
You are a herbivore.
You cover ground extremely quickly.
You need consume almost no food.


Message History

Grinder is severely wounded.
Grinder hits you.
You hit Grinder but do no damage.
Grinder is severely wounded.
Grinder gestures at you.
You suddenly lose the ability to move!
Grinder gestures at you.
You shrug off the repeated paralysis!
Grinder gestures at you.
You shrug off the repeated paralysis!
Grinder hits you.
* * * LOW HITPOINT WARNING * * *
Grinder closely misses you. Grinder gestures at you.
You shrug off the repeated paralysis!
Grinder gestures at you. Pain shoots through your body!
* * * LOW HITPOINT WARNING * * *
Grinder hits you.
You die...

*,*****,,** **,#.#.##.###.....,
***,*****,*,***,*#.#.##.###8...8,
,,,,,,,,,,,,,,,,*#.).....#*##8##*
,**,,,,,,,*******###.#######**###
,**,**,*,.######## #........* #.
,**,,,,,,......?.###..[.##..* #.
,**,**,*,#..<............#,.####.
,**,**,*,#.......###.............
,,,,,,,,,#.....5@# ##.#..........
***,*****#.......# **............
*,* #.......# *,...########. *,*
#.......# *,#### #. ***,****
######### *,* #. ,,,,,,,* *,* #.
,**,**,* *,* #. ,**,**,*** *,* #.
,**,,,,,,***********,* ****#.


You could see Grinder.

Vanquished Creatures
  3 adders
  2 oozes
  An adder zombie (D:2)
  2 worms
  A leopard gecko (D:1)
  A ball python (D:2)
  A bat skeleton (D:2)
  4 giant cockroaches
  7 goblins
  6 hobgoblins
  8 jackals
  7 bats
  8 frilled lizards
  5 kobolds
  A quokka skeleton (D:2)
  8 rats
65 creatures vanquished.

Notes
Turn   | Place    | Note
-------+----------+-------------------------------------------
     0 | D:1      | Ijustatesigmund the Spriggan Conjurer began the quest for the Orb.
     0 | D:1      | Reached XP level 1. HP: 9/9 MP: 5/5
   416 | D:1      | Reached XP level 2. HP: 13/13 MP: 3/7
  1239 | D:1      | Reached XP level 3. HP: 16/16 MP: 6/9
  1506 | D:1      | Learned a level 2 spell: Searing Ray
  1767 | D:2      | Reached skill level 1 in Throwing
  2194 | D:2      | Reached XP level 4. HP: 21/21 MP: 8/11
  2808 | D:3      | Reached skill level 1 in Short Blades
  2868 | D:3      | Found a hazy altar of Hepliaklqana.
  2888 | D:3      | Noticed Grinder
  2922 | D:3      | Paralysed by Grinder for 7 turns
  2929 | D:3      | Slain by Grinder

Vault maps used:
D:1:      minmay_arrival_hallway
D:2:      serial_undead, serial_undead_a, serial_undead_b, serial_undead_a,
          serial_undead_f, serial_undead_d, serial_undead_c
D:3:      nicolae_overflow_hidden_temple, uniq_grinder

Skill      XL: |  1  2  3  4 |
---------------+-------------+-----
Spellcasting   | 3 4 |  4.7
Throwing       | 1 |  1.6
Stealth        | 4 |  4.1
Short Blades   | 1 |  1.0
Dodging        | |  3.3
Conjurations   | |  2.9

Action                   |  1- 3 |  4- 6 || total
-------------------------+-------+-------++-------
Melee: Club              |    49 |       ||    49
       Hand axe          |    16 |     3 ||    19
       Dagger            |       |     6 ||     6
 Cast: Magic Dart        |   100 |    65 ||   165
  Use: Scroll            |     2 |     5 ||     7
       Potion            |       |     2 ||     2
 Stab: Sleeping          |     1 |     2 ||     3
       Distracted        |       |     1 ||     1
Armor: Robe              |    28 |     4 ||    32
Dodge: Dodged            |    97 |    30 ||   127
